 Dungeon Crawl Stone Soup version 0.23.2-1-ga50397a6bc (webtiles) character file.

Game seed: 5139411245258885946

322 Wolfsmond the Slasher (level 6, -10/56 HPs)
             Began as a Minotaur Monk on Apr 28, 2019.
             Mangled by a two-headed ogre
             ... wielding a +0 giant club
              (11 damage)
             ... on level 4 of the Dungeon.
             The game lasted 00:07:06 (3149 turns).

Wolfsmond the Slasher (Minotaur Monk)               Turns: 3149, Time: 00:07:07

Health: -10/56     AC: 10    Str: 23    XL:     6   Next: 22%
Magic:  5/5        EV: 13    Int:  7    God:
Gold:   135        SH:  0    Dex: 12    Spells: 5/5 levels left

rFire    . . .     SeeInvis .   a - +1 falchion
rCold    . . .     Gourm    .   (no shield)
rNeg     . . .     Faith    .   f - +0 ring mail
rPois    .         Spirit   .   (helmet restricted)
rElec    .         Reflect  .   (no cloak)
rCorr    .         Harm     .   (no gloves)
MR       .....                  (no boots)
Stlth    +.........             (no amulet)
HPRegen  0.18/turn              d - +5 ring of protection
MPRegen  0.09/turn              j - +5 ring of strength

@: no status effects
A: retaliatory headbutt, horns 2
a: no special abilities


You were on level 4 of the Dungeon.
You were not hungry.

You visited 1 branch of the dungeon, and saw 4 of its levels.

You collected 135 gold pieces.

Inventory:

Hand Weapons
 a - a +1 falchion (weapon)
Armour
 f - a +0 ring mail (worn)
Jewellery
 d - a +5 ring of protection (left hand)
 j - a +5 ring of strength (right hand)
Scrolls
 b - 2 scrolls of remove curse
 e - 6 scrolls of identify
 g - 3 scrolls of teleportation
 h - a scroll of fear
Potions
 i - a potion of brilliance
 k - a potion of flight {unknown}
 m - a potion of invisibility {unknown}
Comestibles
 c - 7 rations
 l - 6 chunks of flesh


   Skills:
 + Level 5.3 Fighting
 + Level 5.6 Long Blades
 + Level 3.1 Armour
 + Level 4.4 Dodging
 + Level 1.9 Stealth


You had 5 spell levels left.
You didn't know any spells.
Your spell library was empty.

Dungeon Overview and Level Annotations

Branches:
Dungeon (4/15)
 Temple: D:4-7

Altars:


Innate Abilities, Weirdness & Mutations

You reflexively headbutt those who attack you in melee.
You have a pair of horns on your head.


Message History

The scroll dissolves into smoke.
It was a scroll of fog.
The two-headed ogre hits you with a +0 giant club.
The two-headed ogre hits you with a +0 giant spiked club!
You hit the two-headed ogre. You headbutt the two-headed ogre.
The two-headed ogre is lightly wounded.
You slash the two-headed ogre!
You headbutt the two-headed ogre, but do no damage.
The two-headed ogre is moderately wounded.
The two-headed ogre misses you.
The two-headed ogre hits you with a +0 giant spiked club!
You slash the two-headed ogre! You headbutt the two-headed ogre!
The two-headed ogre is heavily wounded.
The two-headed ogre hits you with a +0 giant club!
The two-headed ogre closely misses you.
You hit the two-headed ogre.
The two-headed ogre is heavily wounded.
The two-headed ogre hits you with a +0 giant club!
* * * LOW HITPOINT WARNING * * *
The two-headed ogre hits you with a +0 giant spiked club!
You die...

.......####.#
.......# #.#
....#..# #.# #
....#..# #.# .#
...##..# #.##.#
.......## #....
........# #§§#
......#.#
#.####§§###
.>....#.#
#..§O@§§..#
....[.#.#
######§§#.#
..(..##.# #§§#
..((....### #..#
#.........# #..#
#######.#.#######..#
#............#
#.#.........##.#
#.######.......#


You could see a two-headed ogre.

Vanquished Creatures
  An orc priest (D:3)
  A centaur skeleton (D:4)
  3 worker ants (D:4)
  9 adders
  2 oozes
  4 worms
  2 dart slugs
  A leopard gecko (D:4)
  5 orcs
  3 ball pythons
  A giant cockroach (D:2)
  8 goblins
  10 hobgoblins
  10 jackals
  8 kobolds
  A quokka (D:4)
  9 bats
  2 frilled lizards
  2 jackal skeletons (D:4)
  A quokka skeleton (D:4)
  4 rats (D:1)
87 creatures vanquished.

Notes
Turn   | Place    | Note
-------+----------+-------------------------------------------
     0 | D:1      | Wolfsmond the Minotaur Monk began the quest for the Orb.
     0 | D:1      | Reached XP level 1. HP: 19/19 MP: 0/0
    90 | D:1      | Reached XP level 2. HP: 17/27 MP: 1/1
   679 | D:1      | Reached XP level 3. HP: 33/33 MP: 2/2
  1163 | D:2      | Reached XP level 4. HP: 32/41 MP: 3/3
  1927 | D:3      | Reached skill level 1 in Armour
  2033 | D:3      | Reached XP level 5. HP: 30/47 MP: 4/4
  2477 | D:3      | Reached skill level 5 in Long Blades
  2777 | D:4      | Reached skill level 5 in Fighting
  2987 | D:4      | Reached XP level 6. HP: 56/56 MP: 5/5
  3140 | D:4      | Noticed a two-headed ogre
  3149 | D:4      | HP: 1/56 [two-headed ogre/+0 giant club (16)]
  3149 | D:4      | Mangled by a two-headed ogre

Skill      XL: |  1  2  3  4  5  6 |
---------------+-------------------+-----
Fighting       | 4 5 |  5.3
Long Blades    | 4 5 |  5.6
Dodging        | 4 |  4.4
Armour         | 1 2 3 |  3.1
Stealth        | |  1.9

Action                   |  1- 3 |  4- 6 || total
-------------------------+-------+-------++-------
Melee: Falchion          |    90 |   109 ||   199
       Headbutt          |    19 |    23 ||    42
  Use: Scroll            |     3 |     6 ||     9
  Eat: Chunk             |     1 |     4 ||     5
       Ration            |       |     1 ||     1
Armor: Robe              |    11 |       ||    11
       Ring mail         |    32 |    45 ||    77
Dodge: Dodged            |    59 |    73 ||   132
       Rpst.: Falchion   |    11 |    20 ||    31
